 Dungeon Crawl Stone Soup version 0.30.0-10-gfe55d96785 (webtiles) character file.

Game seed: 778740332656411580

64493 mdonais the Warrior (level 15, 0/180 HPs)
             Began as an Ogre Cinder Acolyte on May 14, 2023.
             Was a High Priest of Ignis.
             Slain by a two-headed ogre
             ... wielding a +0 giant club
              (11 damage)
             ... on level 1 of the Orcish Mines.
             The game lasted 01:15:36 (24583 turns).

mdonais the Warrior (Ogre Cinder Acolyte)          Turns: 24583, Time: 01:15:36

Health: 0/180      AC:  8    Str: 24    XL:     15   Next: 13%
Magic:  22/22      EV: 10    Int: 21    God:    Ignis [*****.]
Gold:   1312       SH:  0    Dex:  8    Spells: 18/24 levels left

rFire   + . .        J - +0 giant club
rCold   + . .        (shield currently unavailable)
rNeg    . . .        Y - +0 troll leather armour
rPois   .            v - +0 hat {Will+}
rElec   .            o - +2 cloak
rCorr   .            (gloves unavailable)
SInv    .            (boots unavailable)
Will    +++..        j - amulet of Grace {rC+ Regen+ Slay+2}
Stlth   +            z - ring of willpower
HPRegen 2.10/turn    d - +6 ring of intelligence
MPRegen 0.18/turn

%: no passive effects
@: studying Armour
A: large, unfitting armour, tough skin 1
a: Renounce Religion, Fiery Armour, Foxfire Swarm, Rising Flame


You were on level 1 of the Orcish Mines.
You worshipped Ignis.
Ignis was extremely pleased with you.
You visited 4 branches of the dungeon, and saw 17 of its levels.
You also visited: Sewer.

You collected 1522 gold pieces.
You spent 210 gold pieces at shops.

Inventory:

Hand Weapons
 b - the +5 sling "Pasikk" {speed, rF+ Str+4}
   (You found it on level 3 of the Dungeon)

   Str:       It affects your strength (+4).
   rF:        It protects you from fire.
 J - a +0 giant club (weapon)
   (You took it off an ogre on level 10 of the Dungeon)
 N - a +3 longbow of flaming
   (You took it off Nessos on level 3 of the Lair of Beasts)
Missiles
 t - 11 boomerangs
 w - 3 large rocks
 y - 9 poisoned darts
 F - 2 curare-tipped darts (quivered)
 G - 5 datura-tipped darts
 K - a boomerang of dispersal
Armour
 i - a scarf of invisibility
   (You found it on level 5 of the Lair of Beasts)
 o - a +2 cloak (worn)
   (You took it off Crazy Yiuf on level 5 of the Dungeon)
 v - a +0 hat of willpower (worn)
   (You acquired it on level 2 of the Lair of Beasts)
 x - a +1 robe of cold resistance
   (You took it off Fannar on level 9 of the Dungeon)
 A - a +2 robe of fire resistance
   (You found it on level 4 of the Dungeon)
 L - a +2 hat
   (You took it off Gastronok on level 3 of the Lair of Beasts)
 Y - a +0 troll leather armour (worn)
   (You found it on level 9 of the Dungeon)
Magical Staves
 E - a staff of cold
   (You found it on level 4 of the Dungeon)
 S - a staff of air
   (You found it on level 8 of the Dungeon)
Jewellery
 d - a +6 ring of intelligence (right hand)
   (You found it on level 3 of the Dungeon)
 f - a ring of protection from fire
   (You found it on level 1 of the Dungeon)
 g - a ring of resist corrosion
   (You found it on level 5 of the Lair of Beasts)
 j - the amulet of Grace (around neck) {rC+ Regen+ Slay+2}
   (You found it on level 5 of the Lair of Beasts)

   [amulet of regeneration]

   Slay:      It affects your accuracy & damage with ranged weapons and melee
   (+2).
   rC:        It protects you from cold.
   Regen:     It increases your rate of health regeneration.
 r - an amulet of regeneration
   (You found it on level 4 of the Lair of Beasts)
 z - a ring of willpower (left hand)
   (You found it on level 4 of the Dungeon)
 U - a ring of protection from fire
   (You found it on level 8 of the Dungeon)
 Z - a ring of ice
   (You took it off Fannar on level 9 of the Dungeon)
Wands
 I - a wand of iceblast (8)
   (You found it on level 8 of the Dungeon)
 P - a wand of paralysis (16)
   (You took it off an orc on level 6 of the Dungeon)
 V - a wand of flame (27)
   (You found it on level 2 of the Lair of Beasts)
Scrolls
 a - a scroll of immolation {unknown}
 e - 2 scrolls of vulnerability
 n - 2 scrolls of summoning
 B - 5 scrolls of blinking
 D - a scroll of fog
 M - 3 scrolls of magic mapping
 R - 3 scrolls of identify
 T - 3 scrolls of teleportation
Potions
 c - 2 potions of brilliance
 h - 3 potions of invisibility
 k - 2 potions of magic
 l - 3 potions of flight
 m - a potion of mutation
 p - 4 potions of attraction
 q - a potion of berserk rage
 s - 3 potions of lignification
 u - 4 potions of cancellation
 H - 2 potions of haste
 O - 2 potions of ambrosia
 Q - 2 potions of curing
 W - 2 potions of heal wounds
Miscellaneous
 C - a phantom mirror (inert)
   (You found it on level 3 of the Lair of Beasts)
 X - a box of beasts (inert)
   (You found it on level 9 of the Dungeon)


   Skills:
 + Level 19.2 Fighting
 + Level 14.8 Maces & Flails
 - Level 5.0 Throwing
 - Level 4.0 Armour
 + Level 6.2 Dodging
 - Level 5.8 Shields
 - Level 5.0 Spellcasting
 - Level 5.0 Fire Magic
 - Level 6.0 Evocations


You had 18 spell levels left.
You knew the following spells:

 Your Spells              Type           Power      Damage    Failure   Level
a - Scorch                Fire           52%        2d7       2%          2
b - Manifold Assault      Tloc           5%         N/A       75%         4

Your spell library contained the following spells:

 Spells                   Type           Power      Damage    Failure   Level
 Volatile Blastmotes      Fire/Tloc      30%        2d12      13%         3
 Sublimation of Blood     Necr           5%         N/A       19%         2
 Wereblood                Tmut           5%         N/A       19%         2
 Dazzling Flash           Conj/Hex       10%        N/A       34%         3
 Iskenderun's Mystic Bla  Conj/Tloc      5%         2d3       75%         4
 Petrify                  Tmut/Erth      5%         N/A       75%         4
 Summon Lightning Spire   Summ/Air       5%         N/A       75%         4
 Irradiate                Conj/Tmut      2%         3d12      97%         5
 Dispersal                Tloc           2%         N/A       100%        6
 Starburst                Conj/Fire      7%         6d4       100%        6
 Storm Form               Tmut/Air       2%         N/A       100%        7
 Summon Hydra             Summ           2%         N/A       100%        7
 Disjunction              Tloc           2%         N/A       100%        8
 Maxwell's Capacitive Co  Air            2%         ∞         100%        8


Dungeon Overview and Level Annotations

Branches:
Dungeon (10/15) Zot: 23244  Temple (1/1) D:6 Zot: 5788    Lair (5/5) D:8 Zot: 21248
  Swamp (0/4) Lair:2       Spider (0/4) Lair:3        Slime (0/5) Lair:4
    Orc (1/2) D:10 Zot: 5892   Sewer (visited)

Altars:
Ashenzari
Cheibriados
Dithmenos
Elyvilon
Fedhas
Gozag
Hepliaklqana
Kikubaaqudgha
Makhleb
Nemelex Xobeh
Okawaru
Qazlal
Ru
Sif Muna
Trog
Uskayaw
Vehumet
Wu Jian
Xom
Yredelemnul
Zin
The Shining One
Jiyva

Shops:
D:6 (!   D:9 =

Annotations:
D:7 2 transporters dig loot
D:8 dig loot
Lair:5 exclusion: door


Innate Abilities, Weirdness & Mutations

You are too large for most types of armour.
You have tough skin. (AC +1)


Message History

a +0 plate armour; a +0 glaive; a +0 arbalest
There is an escape hatch in the floor here.
You slide downwards.
The hatch slams shut behind you.
Items here: )))).
There is a stone staircase leading down, spattered with blood here.
You climb downwards.
There is a stone staircase leading up, spattered with blood here.
Things that are here:
a +0 leather armour; a +0 dagger
There is an open door here.
There is an open door here.
There is a staircase to the Orcish Mines here.
You climb downwards.
Welcome to the Orcish Mines!
Found 66 gold pieces.
Found a stone staircase leading down.
There is a staircase back to the Dungeon here.
You now have 1220 gold pieces (gained 21).
You now have 1244 gold pieces (gained 24).
You now have 1267 gold pieces (gained 23).
You now have 1291 gold pieces (gained 24). 2 orcs and an orc wizard come into view.
An orc is wielding a +0 short sword and quivering boomerangs of dispersal.
The orc shouts! x2
An orc warrior comes into view. It is wielding a +0 flail.
You barely miss the orc. You sock the orc!
You kill the orc!
An orc comes into view. It is wielding a +0 hand axe.
Things that are here:
a +0 morningstar; a +0 leather armour; an orc corpse The orc warrior shouts!
The orc shouts!
You flatten the orc wizard like a pancake!!!
You kill the orc wizard!
You hit the orc but do no damage. The orc closely misses you.
You barely miss the orc. The orc hits you with a +0 short sword.
You take 2 damage, and have 178/180 hp.
You hammer the orc like a gong!!!
You kill the orc!
Health restored: 180 You closely miss the orc warrior.
The orc warrior closely misses you.
You sock the orc warrior!
The orc warrior is heavily wounded.
The orc warrior hits you with a +0 flail.
You take 4 damage, and have 176/180 hp.
You barely miss the orc warrior.
The orc warrior is heavily wounded.
You regained 2 hp, and now have 178/180 hp.
You closely miss the orc warrior.
The orc warrior is heavily wounded.
The orc warrior misses you.
You closely miss the orc warrior.
The orc warrior is heavily wounded.
The orc warrior hits you with a +0 flail!
You take 7 damage, and have 172/180 hp.
You hit the orc warrior.
The orc warrior is severely wounded.
The orc warrior hits you with a +0 flail!
You take 6 damage, and have 166/180 hp.
You flatten the orc warrior like a pancake!!!
You kill the orc warrior!
You regained 2 hp, and now have 168/180 hp.
You sock the orc!
You kill the orc!
You regained 2 hp, and now have 170/180 hp.
No target in view!
No target in view!
No target in view!
No target in view!
No target in view!
No target in view!
No target in view!
No target in view!
t - 11 boomerangs (gained 1);
K - a boomerang of dispersal
N - a +3 longbow of flaming
Items here: )))) [[[[ †††.
You regained 4 hp, and now have 174/180 hp.
HP restored.
You now have 1312 gold pieces (gained 21).
An orc wizard and an orc come into view.
The orc wizard shouts!
The orc shouts!
Health restored: 180 An orc priest comes into view.
It is wielding a +0 dagger.
An orc warrior comes into view.
It is wielding a +0 dire flail and quivering silver boomerangs.
The orc warrior shouts!
The orc priest shouts!
You hear a shout!
An ettin comes into view. It is wielding two +0 dire flails.
A two-headed ogre comes into view. It is wielding two +0 giant clubs.
The ettin shouts in stereo!
An orc comes into view. It is wielding a +0 hand axe.
The orc barely misses you.
You crush the orc like a grape!!!
You kill the orc!
The orc priest calls down the wrath of Beogh upon you.
Beogh smites you!
You take 13 damage, and have 167/180 hp.
You regained 3 hp, and now have 170/180 hp.
You regained 2 hp, and now have 172/180 hp.
You regained 2 hp, and now have 174/180 hp.
You regained 2 hp, and now have 176/180 hp.
You regained 2 hp, and now have 178/180 hp.
Health restored: 180 You barely miss the orc wizard.
The orc wizard hits you but does no damage.
You bludgeon the orc wizard!!
You kill the orc wizard!
The orc priest looks encouraged for a moment.
You barely miss the two-headed ogre.
The two-headed ogre hits you with a +0 giant club!!
The two-headed ogre closely misses you.
The orc priest calls down the wrath of Beogh upon you.
Beogh smites you!
You take 41 damage, and have 139/180 hp.
MASSIVE DAMAGE!!
You barely miss the two-headed ogre. The two-headed ogre barely misses you.
The two-headed ogre hits you with a +0 giant club!!
You take 27 damage, and have 112/180 hp.
You flatten the two-headed ogre like a pancake!!!
The two-headed ogre is almost dead.
You regained 2 hp, and now have 114/180 hp.
Aiming: Phantom Mirror
Press: ? - help, Dir - move target, f - ettin
Aim: an ettin, wielding two +0 dire flails You reflect the ettin with the mirror!
The mirror clouds!
The two-headed ogre closely misses you. x2
You regained 2 hp, and now have 116/180 hp.
Your ettin hits the ettin with a +0 dire flail!
Your ettin completely misses the ettin.
You regained 2 hp, and now have 118/180 hp.
You bludgeon the ettin!!
The ettin is heavily wounded.
The ettin hits you with a +0 dire flail!!
The ettin barely misses you.
Your ettin closely misses the orc warrior.
Your ettin hits the orc warrior but does no damage.
You take 20 damage, and have 98/180 hp.
You bludgeon the ettin!!
The ettin is almost dead.
The two-headed ogre hits you with a +0 giant club!
The two-headed ogre hits you with a +0 giant club.
The ettin hits you with a +0 dire flail!!
The ettin closely misses you.
You take 43 damage, and have 55/180 hp.
MASSIVE DAMAGE!!
You hit the ettin.
The ettin is almost dead.
The ettin hits you with a +0 dire flail!!!
* * * LOW HITPOINT WARNING * * *
The ettin barely misses you.
The orc priest hits your ettin but does no damage.
The orc warrior hits you with a +0 dire flail!
* * * LOW HITPOINT WARNING * * *
The two-headed ogre hits you with a +0 giant club!
You die...

....... o..#... .C... .# .o..
. #.o . #..... ### #o##.## .
#......##.###### ##.##.## ...
......##...#.#.###......##....
.......#..#.....@##.........#
...............oCO##o#..##.##
................Co#...###
.................o....#
......<>..........#...##
..............#........#
......................##
....................###
...........###........##


You could see an ettin (ally target), a two-headed ogre, an orc warrior, an orc
priest, an orc and a friendly ettin (summoned, drained).

Vanquished Creatures
  Gastronok (Lair:3)
  Nessos (Lair:3)
  Snorg (Lair:4)
  Josephine (D:10)
  4 hydras
  Fannar (D:9)
  A catoblepas (Lair:5)
  A two-headed ogre (D:10)
  The ghost of Vakidu the Trooper, a novice DrGl of Qazlal (D:8)
  3 death yaks (Lair:5)
  A spectral dire elephant (Lair:5)
  A spectral death yak (Lair:5)
  3 skysharks
  A pharaoh ant (Lair:3)
  Lodul (D:9)
  An obsidian statue (Lair:5)
  A lindwurm (Lair:3)
  A necromancer (Lair:5)
  15 elephants
  4 centaur zombies (D:10)
  6 black mambas
  10 cane toads
  An unseen horror zombie (D:10)
  A dire elephant skeleton (Lair:5)
  A rime drake (Lair:1)
  8 komodo dragons
  A troll (D:9)
  The ghost of LobsterGuardian the Ruffian, an amateur TrTm of Lugonu (D:4)
  2 tarantellas (Lair:3)
  Prince Ribbit (D:6)
  10 blink frogs
  A hornet (D:9)
  A spectral elephant (Lair:5)
  4 dream sheep (Lair:5)
  A meliai zombie (D:10)
  3 slime creatures
  A dire elephant simulacrum (Lair:5)
  5 wraiths
  60 yaks
  7 wyverns
  2 basilisks
  2 redbacks (Lair:3)
  Edmund (D:4)
  Menkaure (D:5)
  A spectral cane toad (Lair:5)
  15 water moccasins
  Duvessa (D:5)
  An ice beast (D:6)
  6 orc warriors
  3 black bears
  8 ogres
  16 wolves
  3 elephant skeletons (Lair:5)
  3 centaurs
  2 kobold brigands
  8 bullfrogs
  2 necrophages
  2 scorpions
  A wight (D:10)
  Dowan (D:5)
  24 killer bees
  A howler monkey (D:5)
  4 crimson imps
  3 hounds
  Crazy Yiuf (D:5)
  A gnoll bouda (D:6)
  4 jellies
  3 orc priests
  A human zombie (D:10)
  5 iguanas
  5 orc wizards
  A hound skeleton (D:7)
  3 mummies
  A howler monkey zombie (D:10)
  7 gnolls
  3 river rats (Sewer)
  13 adders
  A shadow imp (D:6)
  5 ufetubi
  A worm (D:1)
  A dart slug (D:1)
  53 orcs
  9 ball pythons
  5 bats
  4 endoplasms
  4 giant cockroaches
  5 hobgoblins
  4 jackals (Sewer)
  12 kobolds
  9 quokkas
  5 frilled lizards
  13 goblins
  7 rats
  A rat zombie (D:6)
467 creatures vanquished.

Vanquished Creatures (collateral kills)
  A necromancer (Lair:5)
  An elephant (Lair:5)
  2 wraiths (D:10)
  A yak (Lair:1)
  3 wolves (Lair:1)
8 creatures vanquished.

Grand Total: 475 creatures vanquished

Notes
Turn   | Place    | Note
-------+----------+-------------------------------------------
     0 | D:1      | mdonais the Ogre Cinder Acolyte began the quest for the
                  | Orb.
     0 | D:1      | Reached XP level 1. HP: 24/24 MP: 2/2
   147 | D:1      | Reached XP level 2. HP: 32/32 MP: 4/4
   383 | D:1      | Learned a level 2 spell: Scorch
   457 | D:1      | Found a faded altar of an unknown god.
   532 | D:1      | Reached XP level 3. HP: 40/40 MP: 6/6
   814 | D:2      | Reached skill level 5 in Fighting
  1024 | D:1      | Reached XP level 4. HP: 46/50 MP: 0/7
  1792 | D:3      | Found a glowing golden altar of the Shining One.
  2098 | D:3      | Identified the +5 sling "Pasikk" {speed, rF+ Str+4}
  2409 | D:4      | Reached XP level 5. HP: 59/59 MP: 8/8
  2571 | D:4      | Reached skill level 6 in Fighting
  2927 | D:4      | Noticed Edmund
  2966 | D:4      | Killed Edmund
  2967 | D:4      | Reached skill level 7 in Fighting
  2967 | D:4      | Reached XP level 6. HP: 9/72 MP: 0/9
  3224 | D:4      | Found a runed translucent gate.
  3226 | D:4      | Found a runed translucent gate.
  3228 | D:4      | Found a runed translucent gate.
  3231 | D:4      | Noticed LobsterGuardian's ghost (amateur TrTm)
  3314 | D:4      | Reached skill level 8 in Fighting
  3449 | D:5      | Entered Level 5 of the Dungeon
  3449 | D:5      | Found an opulent altar of Gozag.
  3454 | D:5      | Reached skill level 1 in Dodging
  3459 | D:5      | Reached XP level 7. HP: 81/81 MP: 1/10
  3541 | D:5      | Found a glowing drain.
  3551 | Sewer    | Entered a sewer
  4051 | Sewer    | Reached skill level 9 in Fighting
  4604 | D:5      | Found a bloodstained altar of Trog.
  4682 | D:5      | Noticed Menkaure
  4687 | D:5      | Killed Menkaure
  4789 | D:5      | Found a stormy altar of Qazlal.
  4818 | D:5      | Found an ornate altar of the Wu Jian Council.
  4919 | D:5      | Noticed Dowan
  4920 | D:5      | Noticed Duvessa
  4947 | D:5      | Killed Dowan
  4948 | D:5      | Reached skill level 10 in Fighting
  5007 | D:5      | Found a runed translucent door.
  5008 | D:5      | Noticed Crazy Yiuf
  5055 | D:5      | Killed Duvessa
  5056 | D:5      | Reached XP level 8. HP: 82/93 MP: 0/11
  5214 | D:5      | Killed Crazy Yiuf
  5476 | D:6      | Reached skill level 1 in Evocations
  5688 | D:6      | Noticed Prince Ribbit
  5704 | D:6      | Killed Prince Ribbit
  6027 | D:6      | Found a blossoming altar of Fedhas.
  6147 | D:6      | Reached skill level 11 in Fighting
  6229 | D:6      | Found Faedd's Antique Weapon Emporium.
  6568 | D:6      | Found Sarabunk's Distillery.
  6734 | D:6      | Bought a potion of might for 60 gold pieces
  6734 | D:6      | Bought a potion of haste for 150 gold pieces
  6756 | D:6      | Reached XP level 9. HP: 106/106 MP: 4/13
  6875 | D:6      | Found a staircase to the Ecumenical Temple.
  6890 | Temple   | Entered the Ecumenical Temple
  7266 | D:6      | Found an ancient bone altar of Kikubaaqudgha.
  7319 | D:7      | Reached skill level 12 in Fighting
  7412 | D:7      | Found a transporter.
  7505 | D:7      | Reached skill level 1 in Throwing
  7666 | D:7      | Found a transporter.
  7863 | D:7      | Found a burning altar of Makhleb.
  8044 | D:7      | Noticed a kobold demonologist
  8811 | D:8      | Reached skill level 13 in Fighting
  9029 | D:8      | Found a staircase to the Lair.
  9492 | D:4      | Killed LobsterGuardian's ghost
  9493 | D:4      | Reached XP level 10. HP: 93/119 MP: 0/16
  9743 | D:9      | Found an iron altar of Okawaru.
  9786 | D:9      | Paralysed by a hornet for 3 turns
 10066 | D:9      | Found a shadowy altar of Dithmenos.
 10480 | D:9      | Reached skill level 5 in Spellcasting
 10486 | D:9      | Reached skill level 5 in Fire Magic
 10495 | D:9      | Reached skill level 5 in Dodging
 10766 | D:9      | Found Eweykk's Jewellery Emporium.
 11303 | D:9      | Reached skill level 14 in Fighting
 12004 | D:10     | Entered Level 10 of the Dungeon
 12034 | D:10     | Noticed a two-headed ogre
 12269 | D:10     | Found a shimmering altar of Xom.
 12318 | D:10     | Killed a two-headed ogre
 12319 | D:10     | Reached skill level 5 in Evocations
 12319 | D:10     | Reached XP level 11. HP: 65/131 MP: 4/18
 12495 | D:10     | Noticed Lodul
 12961 | D:10     | Noticed Fannar
 13146 | D:9      | Killed Fannar
 13304 | D:9      | Killed Lodul
 13305 | D:9      | Reached skill level 15 in Fighting
 13313 | D:9      | Reached skill level 5 in Throwing
 14146 | D:10     | Found a staircase to the Orcish Mines.
 14147 | D:10     | Noticed Josephine
 14207 | D:10     | Killed Josephine
 14208 | D:10     | Reached skill level 16 in Fighting
 14208 | D:10     | Reached skill level 1 in Shields
 14777 | D:10     | Found a snail-covered altar of Cheibriados.
 15032 | D:10     | Reached skill level 5 in Shields
 15235 | D:10     | Found a basalt altar of Yredelemnul.
 15561 | Lair:1   | Entered Level 1 of the Lair of Beasts
 15596 | Lair:1   | Reached XP level 12. HP: 135/144 MP: 12/19
 15744 | Lair:1   | Found a runed translucent gate.
 15745 | Lair:1   | Found a runed translucent gate.
 15745 | Lair:1   | Found a runed translucent gate.
 15747 | Lair:1   | Noticed Vakidu's ghost (novice DrGl)
 15767 | Lair:1   | Reached skill level 5 in Maces & Flails
 15790 | Lair:1   | Learned a level 4 spell: Manifold Assault
 15931 | Lair:1   | Found a viscous altar of Jiyva.
 15934 | Lair:1   | Reached XP level 13. HP: 152/152 MP: 20/20
 16580 | Lair:1   | Reached skill level 10 in Maces & Flails
 16932 | D:8      | Killed Vakidu's ghost
 17116 | Lair:1   | Reached skill level 1 in Armour
 18000 | Lair:2   | Identified a scroll of acquirement
 18000 | Lair:2   | Acquired a +0 hat of willpower
 18795 | Lair:2   | Found a staircase to the Swamp.
 19279 | Lair:3   | Noticed Nessos
 19293 | Lair:3   | Killed Nessos
 19304 | Lair:3   | Reached XP level 14. HP: 123/163 MP: 21/21
 19538 | Lair:3   | You fall into a shaft and drop 2 floors!
 19538 | Lair:5   | Entered Level 5 of the Lair of Beasts
 19602 | Lair:5   | Reached skill level 17 in Fighting
 20373 | Lair:5   | Reached skill level 18 in Fighting
 21126 | Lair:5   | Noticed a dire elephant
 21126 | Lair:5   | Noticed a dire elephant
 21500 | Lair:5   | Identified the amulet of Grace {rC+ Regen+ Slay+2}
 22974 | Lair:4   | Noticed Snorg
 22986 | Lair:4   | Killed Snorg
 23196 | Lair:4   | Found a viscous altar of Jiyva.
 23196 | Lair:4   | Found a staircase to the Slime Pits.
 23216 | Lair:4   | Reached XP level 15. HP: 155/179 MP: 22/22
 23285 | Lair:4   | Reached skill level 19 in Fighting
 24069 | Lair:3   | Found a hole to the Spider Nest.
 24183 | Lair:3   | Noticed Gastronok
 24214 | Lair:3   | Killed Gastronok
 24473 | Orc:1    | Entered Level 1 of the Orcish Mines
 24583 | Orc:1    | Slain by a two-headed ogre

Illustrated notes

Levels and vault maps discovered:
D:1:      dpeg_arrival_orchard, layout_basic,
          shapermc_ecumenical_altar_mp_ritualfount
D:2:      layout_rooms
D:3:      layout_loops_ring, nicolae_tso_swordbearing_angel
D:4:      layout_basic, ebering_ghost_rock_garden, uniq_edmund
D:5:      layout_cave_pools, lemuel_crystal_altar, kennysheep_mini,
          nicolae_gozag_seed_capital, mainiacjoe_overflow_tiny_flanked,
          portal_sewer_entry_f, uniq_duvessa, uniq_crazy_yiuf_cottage,
          uniq_menkaure
D:6:      layout_loops_corners, lemuel_zombie_altar_kikubaaqudgha,
          amcnicky_altar_gilded, minmay_temple_entry_glassed_door, serial_shops,
          shop, nicolae_shop_tiny_waterfront, kennysheep_generic_room_3,
          uniq_prince_ribbit1
D:7:      gammafunk_wand_slinger, layout_cave_pools,
          makhleb_blood_cavern_becter, item_on_display_a
D:8:      layout_loops_cross, grunt_lair_entry_orc_guard_hut, serial_glass,
          glass_columns_a, glass_columns_a, item_on_display_a,
          item_on_display_a, due_unseen_surprise, feat_on_display
D:9:      layout_grid_maze, grunt_dithmenos_smoke, lemuel_tele_altar,
          serial_shops, shop, abandoned_shop
D:10:     layout_roguey [special_room_orc], led_xom_imps, slow_altar_2,
          lemuel_mausoleum_altar_yredelemnul, uniq_fannar, uniq_lodul,
          uniq_josephine
Temple:   grunt_temple_mini_profane
Lair:1:   statuecave_lemuel, layout_long_grid, gammafunk_ghost_ooze,
          serial_bayou_pond_c, serial_bayou_lagoon_b
Lair:2:   layout_regular_city, palyth_hydra_swamp_entry,
          chequers_serial_rivers_marsh, grunt_megastairs_4
Lair:3:   layout_roguey, nicolae_spider_entry_lesser_pyramids,
          serial_bayou_shore_b, serial_bayou_shore_a, lemuel_fruit_tree,
          grunt_megastairs_5, uniq_nessos, uniq_gastronok
Lair:4:   layout_concentric_octagons, slime_entry_1, serial_bayou_pond_c,
          chequers_serial_rivers_marsh, chequers_serial_rivers_micro_c,
          uniq_snorg
Lair:5:   due_jungle_book, layout_loops_ring
Orc:1:    layout_caves

Skill      XL: |  1  2  3  4  5  6  7  8  9 10 11 12 13 14 15 |
---------------+----------------------------------------------+-----
Maces & Flails | 3 4 9 12 14 | 14.8
Spellcasting   | 2 3 4 5 |  5.0
Fighting       | 5 7 8 10 11 13 14 16 18 19 | 19.2
Dodging        | 1 3 4 6 |  6.2
Evocations     | 2 4 5 6 |  6.0
Fire Magic     | 3 4 5 |  5.0
Throwing       | 2 3 5 |  5.0
Shields        | 5 |  5.8
Armour         | 4 |  4.0

Action                     |  1- 3 |  4- 6 |  7- 9 | 10-12 | 13-15 || total
---------------------------+-------+-------+-------+-------+-------++-------
  Melee: Mace              |    69 |     9 |     1 |    25 |       ||   104
         Flail             |       |    14 |     6 |    32 |    21 ||    73
         Quarterstaff      |       |       |       |    51 |       ||    51
         Punch             |       |       |       |     1 |     1 ||     2
         Giant club        |       |       |       |       |   762 ||   762
   Fire: Sling             |       |    57 |   281 |    89 |       ||   427
  Throw: Dart              |       |     2 |       |    17 |     2 ||    21
         Boomerang         |       |       |       |     8 |    10 ||    18
         Large rock        |       |       |       |     7 |    23 ||    30
   Cast: Scorch            |    15 |    26 |   139 |   281 |    52 ||   513
 Invoke: Fiery Armour      |       |       |       |     1 |       ||     1
  Evoke: Wand              |       |       |     2 |     2 |    13 ||    17
         Box of beasts     |       |       |       |     3 |     1 ||     4
         Phantom mirror    |       |       |       |       |     1 ||     1
    Use: Scroll            |       |     4 |    10 |     9 |     8 ||    31
         Potion            |       |     4 |       |     2 |     1 ||     7
   Stab: Paralysed         |       |       |     6 |    11 |    23 ||    40
         Confused          |       |       |       |     1 |       ||     1
         Distracted        |       |       |       |     2 |       ||     2
 Armour: Robe              |    16 |    12 |    63 |    46 |       ||   137
         Troll leather arm |       |       |       |    91 |   270 ||   361
  Dodge: Dodged            |    36 |    23 |    87 |   233 |   412 ||   791
